Map: Orbital Shipyard

Players

CaptRaynor

  • Race: Protoss Protoss
  • League: Grandmaster

NovaStrix - Winner!

  • Race: Protoss Protoss
  • League: Silver

VOD

Have the link to the VOD?

Description

Time

  • Played on: Aug. 12, 2015, 12:39 a.m.
  • Length: 5:10
Show
View Real Time Build Order
Export as new Build Order

CaptRaynor Protoss 

Build Orders: Nexus First 

Get SALT Encoding   

  12  0:02  Probe  
  14  0:14  Probe  
  14  0:20  Pylon  
  14  0:38  Probe (Chrono Boost)  
  15  0:49  Probe (Chrono Boost)  
  16  1:01  Nexus  
  16  1:07  Probe  
  17  1:19  Probe  
  18  1:32  Probe  
  19  1:39  Gateway  
  19  1:41  Gateway  
  19  1:45  Probe, Pylon  
  20  1:57  Probe  
  20  2:00  Assimilator  
  21  2:09  Pylon  
  21  2:15  Probe x2  
  23  2:16  Assimilator  
  23  2:33  Cybernetics Core  
  23  2:35  Probe x2, Forge  
  25  2:46  Probe  
  25  2:47  Probe  
  27  2:51  Zealot x2 (Chrono Boost)  
  27  2:54  Probe  
  32  3:10  Warp Gate (Chrono Boost)  
  30  3:22  Photon Cannon  
  30  3:24  Pylon, Photon Cannon  
  26  3:29  Probe x2  
  28  3:41  Probe x2  
  27  3:55  Mothership Core (Chrono Boost)  
  28  4:10  Photon Cannon  
  28  4:11  Pylon  
  29  4:17  Probe (Chrono Boost)  
  29  4:31  Stargate  
  29  4:34  Pylon  
Show
View Real Time Build Order
Export as new Build Order

NovaStrix Protoss - Winner!

Build Orders:  

Get SALT Encoding   

  12  0:01  Probe  
  13  0:17  Probe  
  13  0:18  Pylon  
  14  0:36  Probe (Chrono Boost), Gateway  
  15  0:47  Probe (Chrono Boost)  
  16  0:50  Assimilator  
  16  0:52  Assimilator  
  16  0:54  Probe (Chrono Boost)  
  17  1:06  Gateway  
  17  1:07  Probe  
  18  1:19  Probe  
  18  1:25  Cybernetics Core  
  19  1:31  Probe  
  20  2:00  Pylon  
  20  2:01  Pylon  
  20  2:03  Adept (Chrono Boost), Warp Gate (Chrono Boost)  
  22  2:18  Probe  
  25  2:24  Adept (Chrono Boost)  
  25  2:25  Adept (Chrono Boost)  
  31  2:44  Adept (Chrono Boost)  
  31  2:49  Adept (Chrono Boost)  
  31  2:51  Pylon  
  31  3:12  Adept x2  
  33  3:32  Gateway  
  33  3:34  Gateway  
  30  4:08  Pylon  
  30  4:09  Pylon  
  30  4:10  Stalker x2  
  34  4:33  Stalker x3  
  34  4:34  Stalker  
  42  4:57  Stalker x4  
Tags
 
Add a new tag
Caveats
  • Supply blocks, unpowered buildings, or Contaminate may cause inaccurate times.
  • Supply counts are checked every 10 seconds.